 Dungeon Crawl Stone Soup version 0.23.2-30-g0e89c35649 (webtiles) character file.

Game seed: 6299078548040749583

416 Mrkan the Cudgeler (level 6, -7/40 HPs)
             Began as a Gargoyle Monk on June 24, 2019.
             Was an Initiate of Gozag.
             Mangled by an ogre
             ... wielding a +0 giant spiked club
              (13 damage)
             ... on level 3 of the Dungeon.
             The game lasted 00:06:25 (3020 turns).

Mrkan the Cudgeler (Gargoyle Monk)                  Turns: 3020, Time: 00:06:25

Health: -7/40      AC: 13    Str: 16    XL:     6   Next: 92%
Magic:  6/6        EV:  4    Int: 11    God:    Gozag
Gold:   273        SH:  8    Dex: 15    Spells: 5/5 levels left

rFire    . . .     SeeInvis .   a - +0 mace
rCold    . . .     Gourm    +   u - +0 shield
rNeg     + . .     Faith    .   l - +0 chain mail (curse)
rPois    ∞         Spirit   .   (no helmet)
rElec    +         Reflect  .   n - +0 cloak
rCorr    .         Harm     .   (no gloves)
MR       .....                  (no boots)
Stlth    ..........             h - amulet of the gourmand
HPRegen  0.13/turn              s - +3 ring of dexterity
MPRegen  0.10/turn              (no ring)

@: no status effects
A: negative energy resistance 1, electricity resistance, unbreathing,
petrification resistance, rot immunity, AC +4
a: Potion Petition, Call Merchant, Bribe Branch, Renounce Religion


You were on level 3 of the Dungeon.
You worshipped Gozag.
Gozag was aware of your devotion.
You were not hungry.

You visited 1 branch of the dungeon, and saw 4 of its levels.

You collected 331 gold pieces.
You spent 58 gold pieces at shops.

Inventory:

Hand Weapons
 a - a +0 mace (weapon)
Armour
 l - a cursed +0 chain mail (worn)
 n - a +0 cloak (worn)
 u - a +0 shield (worn)
Jewellery
 h - an amulet of the gourmand (around neck)
 s - a +3 ring of dexterity (left hand)
Wands
 t - a wand of random effects (14)
Scrolls
 b - a scroll of fear {unknown}
 d - a scroll of amnesia {unknown}
 e - 4 scrolls of magic mapping {unknown}
 g - 2 scrolls of enchant armour {unknown}
 k - a scroll of teleportation {unknown}
 m - 6 scrolls of identify {unknown}
 p - 2 scrolls of remove curse {unknown}
Potions
 f - a potion of curing {unknown}
 i - 2 potions of flight {unknown}
 j - 2 potions of might {unknown}
 o - a potion of agility {unknown}
 q - a potion of invisibility {unknown}
 r - a potion of brilliance {unknown}
Comestibles
 c - 12 rations


   Skills:
 + Level 5.3 Fighting
 * Level 6.3 Maces & Flails
 - Level 2.4 Dodging
 - Level 2.1 Stealth
 + Level 1.0 Shields


You had 5 spell levels left.
You didn't know any spells.
Your spell library contained the following spells:

 Spells                   Type           Power        Failure   Level  Hunger
 Confusing Touch          Hex            #.....       100%        1    ##.....
 Confuse                  Hex            #.......     100%        3    ####...
 Gell's Gravitas          Tloc           #.........   100%        3    ####...
 Petrify                  Tmut/Erth      #.......     100%        4    #####..
 Metabolic Englaciation   Hex/Ice        #.........   100%        5    ######.
 Yara's Violent Unravell  Hex/Tmut       #.........   100%        5    ######.


Dungeon Overview and Level Annotations

Branches:
Dungeon (4/15)
 Temple: D:4-7

Altars:
Gozag
Qazlal
Wu Jian

Shops:
D:4 [

Annotations:
D:4 3 runed translucent doors


Innate Abilities, Weirdness & Mutations

You are resistant to torment.
Your stone body is resilient. (AC +4)
You are immune to poison.
You resist negative energy. (rN+)
You are resistant to electric shocks. (rElec)
You can survive without breathing.
You are immune to petrification.
You are immune to rotting.


Message History

The quokka bites you but does no damage.
The quokka bites you.
* * * LOW HITPOINT WARNING * * *
You hit the quokka.
The quokka is severely wounded.
The quokka bites you but does no damage.
You block the ogre's attack.
You hit the quokka.
The quokka is almost dead.
The quokka completely misses you.
The quokka bites you but does no damage.
You block the ogre's attack.
You miss the quokka.
The quokka is almost dead.
The quokka bites you but does no damage.
You closely miss the quokka.
The quokka is almost dead.
The ogre hits you with a +0 giant spiked club!
You die...
Your body crumbles into a pile of gold.

#.#######.#.##.# #......... #.#
#.#.##.# ####)>.....##
#.#######.#.##.# #..........#
#.#.......÷..#.####.##.......#
#.#.######...#....#.#....#+#.#
##.#.# #...####.#.#........##
##..#.# #...# #.#......#.#...
....#.### #...####.#...........#
........# ##...r@.#.##......##..#
##..#.#.###....##O#..............
##..#.#..#.....##K#######.....#.#
.#..#.##.#......................#
)#..#+##.#.#......###############
.#.........#......#
##......#..#......#
#......#..#.r....#
##......##.##'##### #


You could see an ogre, a quokka and a kobold.

Vanquished Creatures
  A centaur (D:4)
  A bullfrog (D:3)
  A bullfrog skeleton (D:4)
  A hound (D:3)
  An iguana (D:4)
  4 gnolls (D:3)
  7 adders
  2 oozes
  A dart slug (D:2)
  A leopard gecko (D:2)
  13 orcs
  A ball python (D:3)
  3 bats
  4 giant cockroaches
  3 goblins
  3 hobgoblins
  6 jackals (D:3)
  6 kobolds
  2 quokkas
  3 frilled lizards
  7 rats
71 creatures vanquished.

Notes
Turn   | Place    | Note
-------+----------+-------------------------------------------
     0 | D:1      | Mrkan the Gargoyle Monk began the quest for the Orb.
     0 | D:1      | Reached XP level 1. HP: 14/14 MP: 1/1
   230 | D:1      | Reached XP level 2. HP: 19/19 MP: 2/2
   891 | D:2      | Reached XP level 3. HP: 20/24 MP: 3/3
  1010 | D:2      | Found a stormy altar of Qazlal.
  1043 | D:2      | Reached skill level 4 in Maces & Flails
  1148 | D:2      | Found an ornate altar of the Wu Jian Council.
  1378 | D:2      | Reached XP level 4. HP: 28/29 MP: 4/4
  1938 | D:3      | Noticed a bullfrog
  1952 | D:3      | Killed a bullfrog
  1952 | D:3      | Reached skill level 5 in Maces & Flails
  1952 | D:3      | Reached XP level 5. HP: 25/34 MP: 5/5
  2062 | D:3      | Found an opulent altar of Gozag.
  2074 | D:3      | Became a worshipper of Gozag Ym Sagoz the Greedy
  2213 | D:3      | Reached XP level 6. HP: 40/40 MP: 6/6
  2258 | D:3      | Reached skill level 5 in Fighting
  2328 | D:3      | You fall through a shaft!
  2459 | D:4      | Reached skill level 6 in Maces & Flails
  2479 | D:4      | Found a runed translucent gate.
  2479 | D:4      | Found a runed translucent gate.
  2479 | D:4      | Found a runed translucent gate.
  2569 | D:4      | Noticed an ice beast
  2599 | D:4      | Found Iceruav's Armour Emporium.
  2606 | D:4      | Bought a +0 shield for 58 gold pieces
  2851 | D:3      | Reached skill level 1 in Shields
  3020 | D:3      | Mangled by an ogre

Skill      XL: |  1  2  3  4  5  6 |
---------------+-------------------+-----
Maces & Flails | 4 5 6 |  6.3
Fighting       | 4 5 |  5.3
Shields        | 1 |  1.0
Dodging        | |  2.4
Stealth        | |  2.1

Action                   |  1- 3 |  4- 6 || total
-------------------------+-------+-------++-------
Melee: Mace              |    85 |   233 ||   318
 Stab: Sleeping          |     1 |       ||     1
       Distracted        |       |     1 ||     1
  Eat: Chunk             |     1 |    23 ||    24
Armor: Robe              |     3 |       ||     3
       Ring mail         |    19 |       ||    19
       Chain mail        |    31 |   156 ||   187
Dodge: Dodged            |    34 |    90 ||   124
Block: Shield            |       |    26 ||    26
